 Dungeon Crawl Stone Soup version 0.19-a0-1153-g63c3caf (webtiles) character file.

4370 TRIGGERED the Basher (level 10, -3/82 HPs)
             Began as a Mummy Berserker on Aug 13, 2016.
             Was a Priest of Trog.
             Slain by a steam dragon (4 damage)
             ... on level 8 of the Dungeon.
             The game lasted 00:16:28 (8041 turns).

TRIGGERED the Basher (Mummy Berserker)              Turns: 8041, Time: 00:16:28

Health: -3/82      AC: 13    Str: 21    XL:     10   Next: 13%
Magic:  10/10      EV: 14    Int:  6    God:    Trog [***...]
Gold:   604        SH:  0    Dex: 21    Spells: 0 memorised, 9 levels left

rFire  x . .     SeeInvis .     a - +2 whip (drain)
rCold  + + .     Gourm    .     m - +4 ring mail "Siwador" {Dex+6}
rNeg   + + +     Faith    .     (no shield)
rPois  ∞         Spirit   .     i - +2 helmet
rElec  .         Dismiss  .     (no cloak)
rCorr  .         Reflect  .     k - +0 pair of gloves
MR     +....     Harm     .     (no boots)
Stlth  +.........               (no amulet)
                                (no ring)
                                s - ring of protection from cold

@: no status effects
A: no food or potions, fire vulnerability, cold resistance 1, negative energy
resistance 3, torment resistance, unbreathing
a: Trog's Hand, Burn Spellbooks, Renounce Religion


You were on level 8 of the Dungeon.
You worshipped Trog.
Trog was most pleased with you.
You were not hungry.

You visited 1 branch of the dungeon, and saw 9 of its levels.

You collected 604 gold pieces.

Inventory:

Hand Weapons
 a - a +2 whip of draining (weapon)
 b - a +0 blowgun
 o - a +2 whip of freezing
 r - a +0 morningstar
Missiles
 g - 28 poisoned needles
 w - 3 curare-tipped needles
Armour
 i - a +2 helmet (worn)
 k - a +0 pair of gloves (worn)
 m - the +4 ring mail "Siwador" (worn) {Dex+6}
   (You found it on level 4 of the Dungeon)

   It affects your dexterity (+6).
Jewellery
 s - a ring of protection from cold (left hand)
Wands
 e - a wand of polymorph (10/24)
 p - a wand of disintegration (10/24)
 t - a wand of teleportation (5/9)
Scrolls
 c - a scroll of magic mapping
 d - a scroll of fog
 f - 2 scrolls of blinking
 h - a scroll of identify
 j - 3 scrolls of teleportation
 n - a scroll of recharging
 q - 2 scrolls of enchant armour
 u - 2 scrolls of amnesia
 v - 2 scrolls of remove curse
 x - a scroll of enchant weapon {unknown}
 y - a scroll of random uselessness {unknown}
Books
 l - an Akashic Record

   Spells                             Type                      Level
   a - Dispersal                      Translocation                6
   b - Malign Gateway                 Summoning/Translocation      7
   c - Disjunction                    Translocation                8
   d - Controlled Blink               Translocation                8
   Trog disapproves of the use of such an item.


   Skills:
 + Level 8.4 Fighting
   Level 3.4 Long Blades
 * Level 9.2 Maces & Flails
 - Level 1.5 Armour
 + Level 4.7 Dodging


You had 9 spell levels left.
You didn't know any spells.

Dungeon Overview and Level Annotations

Branches:
Dungeon (9/15)             Temple (0/1) D:4
   Lair: D:8-11         Orc: D:9-12

Altars:
Ashenzari
Gozag
Kikubaaqudgha
Makhleb
Nemelex Xobeh
Okawaru
Sif Muna
Uskayaw
The Shining One

Shops:
D:8 }

Annotations:
D:3 tijit's ghost, amateur SpTm


Innate Abilities, Weirdness & Mutations

You do not eat or drink.
Your flesh is vulnerable to fire.
You are immune to poison.
Your flesh is cold resistant. (rC+)
You are immune to negative energy. (rN+++)
You are immune to unholy pain and torment.
You can survive without breathing.


Message History

You open the door.
A steam dragon comes into butt.
The butt dragon hisses angrily.
Found a meat ration.
There is an butt door here.
A steam dragon is nearby!
The steam dragon bites you.
The butt dragon claws you but does butt damage.
You closely miss the steam dragon. The steam dragon breathes steam at you.
The ball of steam hits butt!
The steam scalds you terribly!
You closely miss the steam dragon. The steam dragon breathes steam at you.
The ball of butt hits you! The steam scalds you terribly!
* * * LOW HITPOINT BUTT * * *
You closely miss the steam dragon.
You are engulfed in a cloud of butt steam.
* * * LOW HITPOINT BUTT * * *
The steam dragon bites you.
You die...

......# .# ......# ..#
......############...#
.....................#
#'#############'#######
...## #.......§§....#
....# #.......§.....#
....+ #.......§§§...#
....# #.......@D§...#
....# #.............#
....# #.............#
)#..# #.......%.....#
.#### ##############
..# ..# ..# ..#


You could see a steam dragon.

Vanquished Creatures
  The ghost of AlphabetPasta the Ruffian, a novice FoTm of Ru (D:7)
  Pikel (D:6)
  Joseph (D:7)
  A yak (D:7)
  A wyvern (D:8)
  A human (D:7)
  Grum (D:8)
  Edmund (D:6)
  2 ice beasts
  A sky beast (D:8)
  An ogre (D:4)
  An orc warrior (D:8)
  A phantom (D:6)
  2 wolves (D:8)
  4 centaurs
  2 scorpions
  7 wights
  4 killer bees (D:7)
  4 howler monkeys
  2 crimson imps
  A wasp zombie (D:7)
  A hound (D:4)
  An orc priest (D:3)
  2 orc wizards (D:8)
  Jessica (D:3)
  An iguana (D:6)
  Ijyb (D:2)
  5 worker ants
  3 sheep (D:7)
  A hound skeleton (D:8)
  6 adders
  A shadow imp (D:6)
  An adder zombie (D:7)
  3 oozes
  An adder skeleton (D:6)
  2 worms
  2 dart slugs
  3 giant geckos
  15 orcs
  4 bats
  6 giant cockroaches
  4 goblins
  4 hobgoblins
  4 kobolds
  4 quokkas
  A giant cockroach zombie (D:6)
  A giant gecko skeleton (D:7)
  4 giant newts
  A quokka skeleton (D:5)
  5 rats
128 creatures vanquished.

Notes
Turn   | Place    | Note
-------+----------+-------------------------------------------
     0 | D:1      | TRIGGERED the Mummy Berserker began the quest for the Orb.
     0 | D:1      | Reached XP level 1. HP: 18/18 MP: 1/1
    99 | D:1      | Found a glowing golden altar of the Shining One.
   402 | D:1      | Reached XP level 2. HP: 17/24 MP: 2/2
   606 | D:1      | You fall through a shaft!
   825 | D:2      | Found a faded altar of an unknown god.
   831 | D:2      | Noticed Ijyb
   850 | D:2      | Killed Ijyb
   850 | D:2      | Reached XP level 3. HP: 21/29 MP: 3/3
  1278 | D:2      | Found a shattered altar of Ashenzari.
  1898 | D:3      | Noticed Jessica
  1912 | D:3      | Killed Jessica
  1912 | D:3      | Reached skill level 1 in Maces & Flails
  1912 | D:3      | Reached XP level 4. HP: 36/37 MP: 4/4
  1963 | D:3      | Reached skill level 2 in Maces & Flails
  1963 | D:3      | Reached XP level 5. HP: 23/42 MP: 5/5
  2239 | D:3      | Noticed tijit's ghost (amateur SpTm)
  3139 | D:4      | Got a transparent ring mail
  3150 | D:4      | Identified the +4 ring mail "Siwador" {Dex+6} (You found it on level 4 of the Dungeon)
  3211 | D:4      | Reached skill level 3 in Maces & Flails
  3228 | D:4      | Reached XP level 6. HP: 20/49 MP: 6/6
  3657 | D:4      | Noticed an ice beast
  3665 | D:4      | Killed an ice beast
  3665 | D:4      | Reached skill level 5 in Fighting
  3665 | D:4      | Reached skill level 4 in Maces & Flails
  3724 | D:4      | Found a staircase to the Ecumenical Temple.
  3759 | D:4      | Reached ** piety under Trog
  3759 | D:4      | Reached XP level 7. HP: 56/56 MP: 7/7
  3984 | D:5      | Entered Level 5 of the Dungeon
  3990 | D:5      | Found a hide-covered altar of Uskayaw.
  3992 | D:5      | Found a sparkling altar of Nemelex Xobeh.
  3993 | D:5      | Found a deep blue altar of Sif Muna.
  3993 | D:5      | Found a burning altar of Makhleb.
  3998 | D:5      | Found an iron altar of Okawaru.
  4039 | D:5      | Found an opulent altar of Gozag.
  4218 | D:5      | Reached skill level 5 in Maces & Flails
  4516 | D:6      | Noticed Edmund
  4524 | D:6      | Killed Edmund
  4631 | D:6      | Found an ancient bone altar of Kikubaaqudgha.
  4661 | D:6      | Reached XP level 8. HP: 60/64 MP: 8/8
  4698 | D:6      | Reached skill level 6 in Maces & Flails
  4899 | D:6      | Noticed Pikel
  4921 | D:6      | Killed Pikel
  4921 | D:6      | Reached skill level 7 in Maces & Flails
  5336 | D:7      | Noticed AlphabetPasta's ghost (novice FoTm)
  6420 | D:7      | Reached XP level 9. HP: 71/72 MP: 9/9
  6436 | D:7      | Noticed Joseph
  6454 | D:7      | Killed Joseph
  6721 | D:7      | Killed AlphabetPasta's ghost
  6721 | D:7      | Reached skill level 8 in Maces & Flails
  7328 | D:7      | Reached *** piety under Trog
  7530 | D:8      | Found Ficu's Gadget Shoppe.
  7576 | D:8      | Found a hide-covered altar of Uskayaw.
  7657 | D:8      | You fall through a shaft!
  7929 | D:8      | Reached skill level 9 in Maces & Flails
  7929 | D:8      | Reached XP level 10. HP: 75/80 MP: 10/10
  7957 | D:8      | Noticed Grum
  7978 | D:8      | Killed Grum
  8040 | D:8      | HP: 1/82 [steam dragon] (11)]
  8041 | D:8      | Slain by a steam dragon

Vault maps used:
D:1:      evilmike_arrival_hilbert_curve, tso_metal_star
D:2:      ecumenical_altar_2, nicolae_ashenzari_panopticon, uniq_iyjb
D:3:      lemuel_another_geyser, uniq_jessica
D:4:      first_bread
D:5:      grunt_temple_overflow_open, grunt_ministairs_9
D:6:      basic_altar, uniq_pikel, uniq_edmund
D:7:      grunt_livestock, uniq_joseph
D:8:      minitemple, serial_shops, nicolae_shop_trees, basic_altar, uniq_grum
D:9:      elyvilon_altar_5, nicolae_qazlal_eye_of_the_storm, special_room

Skill      XL: |  1  2  3  4  5  6  7  8  9 |
---------------+----------------------------+-----
Long Blades    | 3 |  3.4
Maces & Flails | 1 2 3 4 5 7 9 |  9.2
Fighting       | 4 5 6 7 8 |  8.4
Dodging        | 3 4 |  4.7
Armour         | |  1.5

Action                   |  1- 3 |  4- 6 |  7- 9 | 10-12 || total
-------------------------+-------+-------+-------+-------++-------
Melee: Falchion          |    61 |       |       |       ||    61
       Whip              |    48 |    39 |   501 |    44 ||   632
       Morningstar       |       |   258 |       |       ||   258
Invok: Trog's Hand       |       |       |     1 |       ||     1
  Use: Scroll            |       |     9 |     5 |       ||    14
Armor: Scale mail        |    43 |   126 |       |       ||   169
       Ring mail         |       |    38 |   151 |     9 ||   198
Dodge: Dodged            |    46 |   176 |   210 |    19 ||   451
